 Dungeon Crawl Stone Soup version 0.29.0-13-gc9e81de378 (webtiles) character file.

Game seed: 6803738264930042673

54 Persephone the Trooper (level 3, -1/31 HPs)
             Began as a Demigod Fighter on Sept 7, 2022.
             Slain by an adder (4 damage)
             ... on level 2 of the Dungeon.
             The game lasted 00:02:31 (2065 turns).

Persephone the Trooper (Demigod Fighter)            Turns: 2065, Time: 00:02:31

Health: -1/31      AC:  3    Str: 17    XL:     3   Next: 44%
Magic:  5/5        EV: 10    Int: 10    God:
Gold:   84         SH:  5    Dex: 17    Spells: 2/2 levels left

rFire   . . .      SeeInvis .   a - +0 long sword
rCold   . . .      Faith    .   c - +0 buckler
rNeg    . . .      Spirit   .   g - +0 leather armour
rPois   .          Reflect  .   (no helmet)
rElec   .          Harm     .   (no cloak)
rCorr   .          Rampage  .   (no gloves)
Will    .....                   (no boots)
Stlth   +.........              (no amulet)
HPRegen 0.10/turn               (no ring)
MPRegen 0.09/turn               (no ring)

@: no status effects
A: high MP 1, forlorn, divine attributes
a: no special abilities


You were on level 2 of the Dungeon.
You visited 1 branch of the dungeon, and saw 2 of its levels.

You collected 84 gold pieces.

Inventory:

Hand Weapons
 a - a +0 long sword (weapon)
Armour
 b - a +0 scale mail
 c - a +0 buckler (worn)
 g - a +0 leather armour (worn)
Scrolls
 e - 2 scrolls of noise {unknown}
 h - a scroll of blinking {unknown}
 i - a scroll of vulnerability {unknown}
 j - 4 scrolls of identify {unknown}
 k - a scroll of poison {unknown}
 l - a scroll of brand weapon {unknown}
Potions
 d - a potion of might
 f - 2 potions of heal wounds {unknown}


   Skills:
 - Level 3.4 Fighting
 * Level 2.9 Long Blades
 - Level 2.6 Armour
 + Level 0.3 Dodging
 - Level 2.6 Shields


You had 2 spell levels left.
You didn't know any spells.
Your spell library contained the following spells:

 Spells                   Type           Power      Damage    Failure   Level
 Summon Small Mammal      Summ           0%         N/A       52%         1
 Ensorcelled Hibernation  Hex/Ice        0%         N/A       67%         2
 Call Canine Familiar     Summ           0%         N/A       88%         3
 Spider Form              Tmut/Pois      0%         N/A       88%         3
 Summon Guardian Golem    Hex/Summ       0%         N/A       88%         3
 Anguish                  Hex/Necr       0%         N/A       99%         4


Dungeon Overview and Level Annotations

Branches:
Dungeon (2/15)


Innate Abilities, Weirdness & Mutations

You have an increased reservoir of magic. (+10% MP)
You shall have no god before yourself.
Your divine heritage dramatically boosts your attributes as you level up.


Message History

A worm is nearby!
A worm is nearby!
A gnoll comes into view. It is wielding a +0 spear.
Found a hand axe.
The gnoll shouts!
A gnoll comes into view. It is wielding a +0 spear.
A gnoll comes into view. It is wielding a +0 spear.
An adder comes into view.
The gnoll shouts!
The adder hisses angrily.
You hit the worm.
The worm is moderately wounded.
The gnoll closely misses you. The worm bites you!
You hit the worm.
The worm is heavily wounded.
You block the gnoll's attack. The worm bites you but does no damage.
The gnoll shouts!
You hit the worm.
The worm is almost dead.
You hear an angry hiss.
The gnoll misses you.
You slash the worm!
You kill the worm!
The adder bites you.
You are poisoned.
The adder poisons you!
The gnoll hits you from afar with a +0 spear.
The gnoll hits you but does no damage. The adder barely misses you.
The gnoll hits you from afar with a +0 spear.
You feel sick. The adder attacks as you move away!
You block the adder's attack.
You feel sick. You block the adder's attack.
You feel sick.
You feel sick. The adder bites you.
* * * LOW HITPOINT WARNING * * *
A frilled lizard comes into view.
You feel sick. The adder bites you but does no damage.
You barely miss the adder.
You feel sick.
You are no longer poisoned.
The adder bites you.
You die...

##....#...# #..........
....#####.#############......#.##
.#....#..............###..##.....
.#...>#.############.# #...######
.#......# #####.# ##..# #
^#...#.## ######...#.# #..# #
.#...#.# #..........# #..######
.#...#.# #.####S#...# #....>...
.#...# # #@#.g.# #...##### >#...#
#.#.g.####...### .#...#
#.#.g.##.......### #...#
..#...#........... #...#
..#...#........###
.....).#.##...###
..l...........#####
.......#............ .###########


You could see an adder and a frilled lizard.

Vanquished Creatures
  A gnoll (D:1)
  An adder (D:2)
  A worm (D:2)
  3 bats
  3 endoplasms
  3 giant cockroaches (D:1)
  A goblin (D:2)
  2 hobgoblins
  2 jackals (D:1)
  6 kobolds
  6 ball pythons
  4 rats
33 creatures vanquished.

Notes
Turn   | Place    | Note
-------+----------+-------------------------------------------
     0 | D:1      | Persephone the Demigod Fighter began the quest for the Orb.
     0 | D:1      | Reached XP level 1. HP: 18/18 MP: 3/3
   205 | D:1      | Reached skill level 3 in Fighting
   298 | D:1      | Reached XP level 2. HP: 4/26 MP: 4/4
   569 | D:1      | You fall into a shaft and drop 1 floor!
   989 | D:1      | Reached XP level 3. HP: 27/31 MP: 5/5
  2065 | D:2      | Slain by an adder

Illustrated notes

Levels and vault maps discovered:
D:1:      dpeg_arrival_pits, layout_basic, chequers_serial_rivers_large_b
D:2:      layout_loops_ring

Skill      XL: |  1 |
---------------+----+-----
Long Blades    | 2 |  2.9
Fighting       | 3 |  3.4
Armour         | |  2.6
Dodging        | |  0.3
Shields        | |  2.6

Action                   || total
-------------------------++-------
Melee: Long sword        ||    98
 Stab: Sleeping          ||     4
Armor: Scale mail        ||    16
       Leather armour    ||    27
Dodge: Dodged            ||    45
Block: Buckler           ||    29
